 Dungeon Crawl Stone Soup version 0.25.1-8-g42b30a86e7 (webtiles) character file.

Game seed: 798179960908299786

159 Clowwww the Skirmisher (level 5, -1/41 HPs)
             Began as a Demonspawn Fighter on Dec 12, 2020.
             Slain by an orc warrior
             ... wielding a +0 mace
              (11 damage)
             ... on level 3 of the Dungeon.
             The game lasted 00:04:30 (2129 turns).

Clowwww the Skirmisher (Demonspawn Fighter)         Turns: 2129, Time: 00:04:31

Health: -1/41      AC: 11    Str: 18    XL:     5   Next: 17%
Magic:  5/5        EV:  8    Int:  9    God:
Gold:   73         SH:  9    Dex: 12    Spells: 4/4 levels left

rFire    + . .     SeeInvis .   a - +0 war axe
rCold    . . .     Gourm    .   c - +0 kite shield
rNeg     . . .     Faith    .   l - +0 ring mail (curse)
rPois    .         Spirit   .   (no helmet)
rElec    .         Reflect  .   m - +0 cloak
rCorr    .         Harm     .   j - +0 pair of gloves
MR       .....                  h - +0 pair of boots
Stlth    +.........             (no amulet)
HPRegen  0.13/turn              (no ring)
MPRegen  0.09/turn              (no ring)

@: mighty
A: molten scales 1, fire resistance 1
a: no special abilities


You were on level 3 of the Dungeon.
You were not hungry.

You visited 1 branch of the dungeon, and saw 3 of its levels.

You collected 73 gold pieces.

Inventory:

Hand Weapons
 a - a +0 war axe (weapon)
Armour
 c - a +0 kite shield (worn)
 h - a +0 pair of boots (worn)
 j - a +0 pair of gloves (worn)
 l - a cursed +0 ring mail (worn)
 m - a +0 cloak (worn)
Wands
 t - a wand of enslavement (10)
Scrolls
 b - a scroll of identify {unknown}
 e - 3 scrolls of teleportation {unknown}
 i - a scroll of fog {unknown}
 n - a scroll of magic mapping {unknown}
 p - a scroll of immolation {unknown}
 q - 2 scrolls of remove curse {unknown}
 s - 2 scrolls of amnesia {unknown}
Potions
 d - 2 potions of might
 g - a potion of heal wounds {unknown}
 k - a potion of berserk rage {unknown}
 o - a potion of haste {unknown}
 r - a potion of stabbing {unknown}
 u - 2 potions of ambrosia {unknown}
Comestibles
 f - 3 rations
 v - a chunk of flesh


   Skills:
 + Level 3.5 Fighting
 + Level 3.2 Axes
 + Level 3.1 Armour
 + Level 0.7 Dodging
 + Level 1.3 Stealth
 + Level 3.4 Shields


You had 4 spell levels left.
You didn't know any spells.
Your spell library was empty.

Dungeon Overview and Level Annotations

Branches:
Dungeon (3/15)

Altars:
Cheibriados


Innate Abilities, Weirdness & Mutations

You are partially covered in molten scales. (AC +2)
Your flesh is heat resistant. (rF+)


Message History

You block the orc warrior's attack.
You closely miss the orc. You hit the orc warrior. You block the orc's attack.
The orc warrior hits you with a +0 mace!!
You hit the orc but do no damage. You closely miss the orc warrior.
The orc hits you but does no damage. You block the orc warrior's attack.
You closely miss the orc. You hit the orc warrior.
The orc hits you but does no damage. The orc warrior barely misses you.
You slash the orc!
You kill the orc!
You hit the orc warrior. The orc warrior completely misses you.
The orc warrior hits you with a +0 mace!
* * * LOW HITPOINT WARNING * * *
You feel very mighty all of a sudden. The goblin hits you but does no damage.
You closely miss the orc warrior.
The orc warrior is heavily wounded.
You slash the goblin!
You kill the goblin!
The orc warrior hits you with a +0 mace!
You die...

###### #....# ##....####
...##########........##
.....o)@....'........>#
...####o....#........#..
#.....#.)))....#
#)....###.###### #.....#
#.# #.....###.#
#.........# .
#####...### ..###
#...######


You could see an orc warrior and an orc wizard.

Vanquished Creatures
  An orc wizard (D:3)
  5 adders
  An ooze (D:1)
  2 worms (D:2)
  3 dart slugs
  5 leopard geckos
  5 orcs (D:3)
  5 giant cockroaches
  6 goblins
  2 hobgoblins (D:1)
  2 jackals (D:1)
  7 kobolds
  6 bats
  A frilled lizard (D:2)
  14 rats
65 creatures vanquished.

Vanquished Creatures (others)
  A goblin (D:1)
1 creature vanquished.

Grand Total: 66 creatures vanquished

Notes
Turn   | Place    | Note
-------+----------+-------------------------------------------
     0 | D:1      | Clowwww the Demonspawn Fighter began the quest for the Orb.
     0 | D:1      | Reached XP level 1. HP: 18/18 MP: 1/1
   107 | D:1      | Gained mutation: Your flesh is heat resistant. (rF+)
                  | [demonic ancestry]
   107 | D:1      | Reached XP level 2. HP: 18/24 MP: 2/2
   751 | D:1      | Reached XP level 3. HP: 29/29 MP: 3/3
  1227 | D:2      | Found a snail-covered altar of Cheibriados.
  1242 | D:2      | Reached XP level 4. HP: 35/35 MP: 4/4
  1869 | D:2      | Reached skill level 1 in Stealth
  1965 | D:3      | Gained mutation: You are partially covered in molten
                  | scales. (AC +2) [demonic ancestry]
  1965 | D:3      | Reached XP level 5. HP: 36/41 MP: 5/5
  2111 | D:3      | Noticed an orc warrior
  2129 | D:3      | Slain by an orc warrior

Illustrated notes

Levels and vault maps discovered:
D:1:      dpeg_arrival_ratfight, layout_basic, minivault_27
D:2:      layout_basic, kennysheep_slug_shrine
D:3:      kb_forest_paths, layout_basic, lemuel_crystal_altar,
          lemuel_crystal_altar, uniq_robin, uniq_terence

Skill      XL: |  1  2  3  4 |
---------------+-------------+-----
Shields        | 3 |  3.4
Axes           | 2 3 |  3.2
Armour         | 3 |  3.1
Stealth        | 1 |  1.3
Fighting       | |  3.5
Dodging        | |  0.7

Action                   |  1- 3 |  4- 6 || total
-------------------------+-------+-------++-------
Melee: War axe           |   121 |    86 ||   207
  Use: Potion            |       |     1 ||     1
  Eat: Chunk             |     1 |     3 ||     4
Armor: Scale mail        |    35 |       ||    35
       Ring mail         |    21 |    42 ||    63
Dodge: Dodged            |    35 |    42 ||    77
Block: Kite shield       |    73 |    50 ||   123
